 Dungeon Crawl Stone Soup version 0.31-a0-431-g88bdf31460 (webtiles) character file.

Game seed: 12353691394552034101

3776 garrulousMonolith the Basher (level 10, -1/63 HPs)
             Began as a Gargoyle Fighter on July 31, 2023.
             Was a Believer of the Shining One.
             Slain by a troll simulacrum (4 damage)
             ... in an ice cave.
             The game lasted 00:08:50 (6972 turns).

garrulousMonolith the Basher (Gargoyle Fighter)     Turns: 6972, Time: 00:08:50

Health: -1/63      AC: 24    Str: 26    XL:     10   Next: 16%
Magic:  0/4        EV:  8    Int:  6    God:    the Shining One [**....]
Gold:   447        SH:  5    Dex: 13    Spells: 9/9 levels left

rFire   + . .        E - +5 flail of Intimidation {antimagic, rC+ rN+ Int-5 Dex+2}
rCold   + + .        c - +0 buckler
rNeg    + + +        K - +0 plate armour
rPois   ∞            (no helmet)
rElec   +            b - +0 cloak
rCorr   .            B - +0 pair of gloves
SInv    .            w - +0 pair of boots
Will    .....        n - amulet of Kanne {Spirit rF+} Stlth
                     r - +6 ring of strength
HPRegen 0.30/turn    F - ring of protection from cold
MPRegen 0.09/turn

%: guardian spirit
@: glowing
A: sickness immunity, AC +7, negative energy resistance 1, electricity
resistance, torment resistance 1, petrification resistance
a: Renounce Religion, Divine Shield


You were in an ice cave.
You worshipped the Shining One.
The Shining One was pleased with you.
You visited 2 branches of the dungeon, and saw 11 of its levels.
You also visited: Ice Cave.

You collected 447 gold pieces.

Inventory:

Hand Weapons
 a - a +0 flail
 x - a +1 mace of holy wrath
 y - a +0 war axe of venom
 E - the +5 flail of Intimidation (weapon) {antimagic, rC+ rN+ Int-5 Dex+2}
   (You found it on level 6 of the Dungeon)

   Int:       It affects your intelligence (-5).
   Dex:       It affects your dexterity (+2).
   rC:        It protects you from cold.
   rN:        It protects you from negative energy.
Missiles
 f - 8 boomerangs
 p - 14 poisoned darts
 z - 6 atropa-tipped darts
 M - 2 javelins
Armour
 b - a +0 cloak (worn)
 c - a +0 buckler (worn)
 w - a +0 pair of boots (worn)
 B - a +0 pair of gloves (worn)
 K - a +0 plate armour (worn)
Jewellery
 n - the amulet of Kanne (around neck) {Spirit rF+}
   (You found it on level 2 of the Dungeon)

   [amulet of guardian spirit]

   It causes incoming damage to be divided between your reserves of health and
   magic.
   rF:        It protects you from fire.
 r - a +6 ring of strength (left hand)
 s - a ring of wizardry
 F - a ring of protection from cold (right hand)
Wands
 o - a wand of roots (11)
 q - a wand of mindburst (15)
 H - a wand of flame (23)
 J - a wand of charming (7)
Scrolls
 e - a scroll of poison {unknown}
 g - 3 scrolls of enchant weapon {unknown}
 h - a scroll of teleportation {unknown}
 i - 3 scrolls of fog
 m - a scroll of silence
 u - 4 scrolls of blinking {unknown}
 G - 4 scrolls of identify
Potions
 d - 3 potions of might
 k - a potion of attraction {unknown}
 l - 8 potions of curing
 t - a potion of haste {unknown}
 v - a potion of invisibility
 A - 2 potions of brilliance {unknown}
 C - a potion of experience {unknown}
 D - 3 potions of degeneration {unknown}
 I - 2 potions of resistance {unknown}
 L - a potion of lignification {unknown}


   Skills:
 + Level 7.1 Fighting
 * Level 8.2 Maces & Flails
 + Level 7.0 Armour
 + Level 4.3 Dodging
 + Level 6.8 Shields
 + Level 4.1 Invocations


You had 9 spell levels left.
You didn't know any spells.
Your spell library contained the following spells:

 Spells                   Type           Power      Damage    Failure   Level
 Apportation              Tloc           0%         N/A       100%        1
 Magic Dart               Conj           0%         1d3       100%        1
 Necrotise                Necr           0%         1d4       100%        1
 Slow                     Hex            0%         N/A       100%        1
 Summon Small Mammal      Summ           0%         N/A       100%        1
 Call Imp                 Summ           0%         N/A       100%        2
 Confusing Touch          Hex            0%         N/A       100%        3
 Mephitic Cloud           Conj/Pois/Air  0%         N/A       100%        3
 Ozocubu's Armour         Ice            0%         N/A       100%        3
 Vampiric Draining        Necr           0%         2d6       100%        3
 Volatile Blastmotes      Fire/Tloc      0%         2d10      100%        3
 Cause Fear               Hex            0%         N/A       100%        4
 Fulminant Prism          Conj/Hex       0%         3d5       100%        4
 Iskenderun's Mystic Bla  Conj/Tloc      0%         2d3       100%        4
 Fireball                 Conj/Fire      0%         3d3       100%        5
 Ozocubu's Refrigeration  Ice            0%         4d7       100%        7
 Dragon's Call            Summ           0%         N/A       100%        9


Dungeon Overview and Level Annotations

Branches:
Dungeon (11/15)            Temple (1/1) D:6            Lair (0/5) D:11
  IceCv (1/1)
    Orc: D:9-12

Altars:
Ashenzari
Cheibriados
Dithmenos
Elyvilon
Fedhas
Gozag
Kikubaaqudgha
Makhleb
Nemelex Xobeh
Okawaru
Qazlal
Ru
Sif Muna
Trog
Uskayaw
Wu Jian
Xom
Yredelemnul
Zin
The Shining One

Shops:
D:8 :


Innate Abilities, Weirdness & Mutations

You are immune to sickness and miasma.
Your stone body is resilient. (AC +7)
You are immune to poison.
You resist negative energy. (rN+)
You are resistant to electric shocks. (rElec)
You are resistant to unholy torment.
You are immune to petrification.


Message History

You are too injured to fight recklessly!
You are too injured to fight recklessly!
You are too injured to fight recklessly!
You completely miss the troll simulacrum.
You completely miss the two-headed ogre simulacrum.
The two-headed ogre simulacrum is heavily damaged.
The troll simulacrum bites you but does no damage.
The troll simulacrum claws you but does no damage.
The troll simulacrum barely misses you. The elephant simulacrum tramples you.
You hold your ground!
The elephant simulacrum closely misses you.
The two-headed ogre simulacrum hits you!
The two-headed ogre simulacrum freezes you!
You resist.
* * * LOW HITPOINT WARNING * * *
The two-headed ogre simulacrum hits you.
* * * LOW HITPOINT WARNING * * *
The two-headed ogre simulacrum freezes you.
You resist.
* * * LOW HITPOINT WARNING * * *
You feel better.
The elephant simulacrum tramples you but does no damage.
The elephant simulacrum trunk-slaps you but does no damage.
The troll simulacrum bites you.
* * * LOW HITPOINT WARNING * * *
The troll simulacrum freezes you. You resist.
* * * LOW HITPOINT WARNING * * *
The troll simulacrum claws you but does no damage.
The troll simulacrum barely misses you.
Okay, then.
You thump the two-headed ogre simulacrum!
The two-headed ogre simulacrum is almost destroyed.
The elephant simulacrum closely misses you.
The elephant simulacrum trunk-slaps you but does no damage.
The troll simulacrum closely misses you.
The troll simulacrum claws you but does no damage.
The troll simulacrum claws you!
* * * LOW HITPOINT WARNING * * *
The troll simulacrum freezes you. You resist.
You die...

##### ##..∩#
#∩..## #
#....# .##
#...## ...#
##..####...#
#...##Z..#
#..##@Z.#
#.....Z##
##...###
#####


You could see an elephant simulacrum, a two-headed ogre simulacrum and a troll
simulacrum.

Vanquished Creatures
  Joseph (D:7)
  Maggie (D:7)
  A steam dragon (D:6)
  2 sky beasts
  3 ice beasts
  2 black bears (D:7)
  An orc warrior (D:8)
  An ogre (D:5)
  A centaur (D:7)
  5 phantoms
  7 bullfrogs
  2 gnoll sergeants
  2 scorpions
  4 wights (D:8)
  A vampire bat (D:4)
  A howler monkey (D:8)
  A jelly (D:5)
  3 hounds (D:5)
  An orc priest (D:9)
  Crazy Yiuf (D:7)
  2 sleepcaps
  7 iguanas
  A wolf simulacrum (IceCv)
  8 gnolls
  5 adders
  2 shadow imps (D:5)
  14 white imps
  2 worms (D:2)
  7 dart slugs
  3 fire bats (D:4)
  10 orcs
  2 spectral bats (D:4)
  3 bat skeletons (D:4)
  A bat zombie (D:4)
  4 endoplasms
  2 giant cockroaches
  2 goblins
  6 hobgoblins
  8 jackals
  8 kobolds
  4 quokkas
  5 ball pythons
  14 bats
  A bat simulacrum (D:4)
  A frilled lizard (D:2)
  A rat (D:2)
164 creatures vanquished.

Notes
Turn   | Place    | Note
-------+----------+-------------------------------------------
     0 | D:1      | garrulousMonolith the Gargoyle Fighter began the quest for
                  | the Orb.
     0 | D:1      | Reached XP level 1. HP: 14/14 MP: 1/1
   195 | D:1      | Reached XP level 2. HP: 14/19 MP: 2/2
   428 | D:1      | Reached XP level 3. HP: 23/23 MP: 3/3
  1306 | D:2      | Identified the amulet of Kanne {Spirit rF+}
  1528 | D:3      | Reached XP level 4. HP: 29/29 MP: 4/4
  1925 | D:3      | Reached skill level 3 in Maces & Flails
  2126 | D:4      | Reached skill level 1 in Dodging
  2438 | D:4      | Reached XP level 5. HP: 33/33 MP: 5/5
  2586 | D:4      | Reached XP level 6. HP: 38/38 MP: 4/6
  2700 | D:4      | Reached skill level 4 in Maces & Flails
  2977 | D:5      | Entered Level 5 of the Dungeon
  2998 | D:5      | Identified the +0 robe of Guness {Rampage Str+2 Int+5}
  3493 | D:5      | Reached XP level 7. HP: 43/44 MP: 5/7
  3663 | D:5      | Reached skill level 5 in Maces & Flails
  4170 | D:6      | Noticed a steam dragon
  4213 | D:6      | Reached skill level 5 in Fighting
  4213 | D:6      | Reached skill level 5 in Armour
  4229 | D:6      | Reached skill level 5 in Shields
  4229 | D:6      | Reached XP level 8. HP: 22/49 MP: 3/8
  4459 | D:6      | Found a staircase to the Ecumenical Temple.
  4535 | Temple   | Entered the Ecumenical Temple
  4619 | Temple   | Became a worshipper of the Shining One
  4739 | D:6      | Reached skill level 6 in Maces & Flails
  4933 | D:6      | Reached skill level 1 in Invocations
  4939 | D:6      | Identified the +5 flail of Intimidation {antimagic, rC+ rN+
                  | Int-5 Dex+2}
  5205 | D:7      | Reached XP level 9. HP: 41/55 MP: 3/10
  5373 | D:7      | Noticed Maggie
  5390 | D:7      | Killed Maggie
  5391 | D:7      | Reached skill level 7 in Maces & Flails
  5436 | D:7      | Noticed Joseph
  5452 | D:7      | Killed Joseph
  5896 | D:7      | Found a runed translucent door.
  5897 | D:7      | Noticed Crazy Yiuf
  5903 | D:7      | Killed Crazy Yiuf
  6107 | D:8      | Reached * piety under the Shining One
  6269 | D:8      | Reached XP level 10. HP: 48/61 MP: 2/12
  6276 | D:8      | Reached skill level 8 in Maces & Flails
  6460 | D:8      | Found Kixei's Book Emporium.
  6915 | D:9      | You fall into a shaft and drop 2 floors!
  6922 | D:11     | Found a frozen archway.
  6925 | D:11     | Reached ** piety under the Shining One
  6953 | IceCv    | Entered an ice cave
  6972 | IceCv    | HP: 3/63 [troll simulacrum (8)]
  6972 | IceCv    | Slain by a troll simulacrum

Illustrated notes

Levels and vault maps discovered:
D:1:      ldierk_walled_garden_2, layout_loops_cross, patterned_corridor
D:2:      layout_loops_cross
D:3:      layout_loops_cross
D:4:      layout_loops_ring, minmay_misc_feat_chi, goddamned_bats
D:5:      layout_loops_ring, serial_rivers, chequers_serial_rivers_micro_c,
          chequers_serial_rivers_large_a, chequers_serial_rivers_micro_e,
          chequers_serial_rivers_large_b
D:6:      nicolae_cairo_tiling_large_dashed, layout_rooms,
          lemuel_temple_firewalk_a, serial_aquarium,
          aquarium_bridge_island_small [aquarium_subvault_small_open,
          aquarium_subvault_window, aquarium_subvault_bridge,
          aquarium_subvault_bridge, aquarium_subvault_bridge],
          aquarium_window_fake, aquarium_window_corner, aquarium_view_2b,
          aquarium_view_2b
D:7:      layout_rooms, minivault_22, dk_noncrumbling_3, uniq_joseph,
          uniq_crazy_yiuf_cottage, uniq_maggie
D:8:      layout_basic, serial_shops, nicolae_shop_pleasant_corner_grove
D:9:      layout_irregular_city, kennysheep_flooded_box
D:11:     layout_loops_corners, lair_entry_dummy, portal_ice_cave_entry_imps,
          trog_three_pillars_becter, uniq_erolcha
Temple:   mainiacjoe_temple_cubbyholes
IceCv:    ice_cave_caverns_03

Skill      XL: |  1  2  3  4  5  6  7  8  9 10 |
---------------+-------------------------------+-----
Maces & Flails | 3 4 5 6 7 8 |  8.2
Dodging        | 1 2 3 4 |  4.3
Fighting       | 4 5 6 7 |  7.1
Armour         | 4 5 6 7 |  7.0
Shields        | 4 5 6 |  6.8
Invocations    | 2 3 4 |  4.1

Action                     |  1- 3 |  4- 6 |  7- 9 | 10-12 || total
---------------------------+-------+-------+-------+-------++-------
  Melee: Flail             |   132 |    97 |   121 |    66 ||   416
         Mace              |       |   129 |   123 |       ||   252
    Use: Scroll            |     2 |     1 |     3 |     1 ||     7
         Potion            |       |       |     1 |     1 ||     2
 Armour: Scale mail        |    80 |     6 |       |       ||    86
         Chain mail        |       |   225 |   111 |       ||   336
         Plate armour      |       |       |    34 |    34 ||    68
  Dodge: Dodged            |    71 |   170 |   118 |    17 ||   376
  Block: Buckler           |    35 |    73 |    75 |    14 ||   197

Table legend: (Time is in decaauts)
 A = Elapsed time spent in this place.
 B = Non-inter-level travel time spent in this place.
 C = Inter-level travel time spent in this place.
 D = Time resting spent in this place.
 E = Time spent auto-exploring this place.
 F = Levels seen in this place.
 G = Mean time per level.
                   A        B        C        D        E       F      G
               +--------+--------+--------+--------+--------+-----+--------+
         Total |   7130 |   6731 |    399 |    607 |   4630 |  12 |  594.2 |
       Dungeon |   6990 |   6680 |    310 |    607 |   4621 |  10 |  699.0 |
        Temple |    121 |     33 |     88 |      0 |      0 |   1 |  121.0 |
      Ice Cave |     18 |     18 |      0 |      0 |      9 |   1 |   18.0 |
               +--------+--------+--------+--------+--------+-----+--------+

Top non-repeatable levels by time:
     D:5: 1274 daAuts
     D:4: 916 daAuts
     D:1: 883 daAuts
     D:6: 861 daAuts
     D:7: 793 daAuts
     D:2: 650 daAuts
     D:3: 605 daAuts
     D:8: 600 daAuts
     D:9: 367 daAuts
  Temple: 121 daAuts
    D:11: 37 daAuts
   IceCv: 18 daAuts
